Unix NetHack Version 5.0.0-0 post-release - last build May 31 2026 23:59:36 (970b52f25bf058293b47ddfd14a1e40e571c508c,branch:main).

Game began 2026-06-08 07:55:04, ended 2026-06-08 19:01:49.

BatBeefs, neutral female human Tourist

          #               ----                       -----------
        ##%## ### ### ### |..|                       |.........|    -------
        % # # # # # # # # ...|            ###########........``| ###......|
        # [ # # # # # # # .---          ####  #   #  ----|------ #  |.....-#
        # # # # ### # # # #             #-.---    #      #*##    #  |.....|#
        # # # # # # # # # #             #|...|#####         *    #  -------#
        # # ### ### ### ###          ####|{..|#             %    #        ##
          #                   ########----...|#      -------|--- #        #
        --.----------      ####       |`...%.|#      |.........| #        #
        |.....).)....##    #------    |......|#      |.......%.| #      ###
        |.........*.| #### #|....|    |......|#      |.........| #      #-----
        |...........| ######|....|    ----.>.|#      |.........|##      #|...|
        |...........|    ###|.....#######-...|#      |.........-#       #|...|
        -------------      #-<...|       |...-#      -----------        #|...|
                            |).{.|       -----                          #-...|
                            |....|                                       |<..|
                            ------                                       -----

BatBeefs the Peregrinatrix  St:18 Dx:14 Co:17 In:12 Wi:8 Ch:14  Neutral
Dlvl:10 $:10241 HP:0(87) Pw:56(56) AC:-8 Xp:10 T:10061  Satiated Burdened

Latest messages:
 What do you want to use or apply? [ceg-jloswyzAC-OQRX or ?*] e
 You now wield an uncursed rusty pick-axe.
 In what direction do you want to dig? [ykunjb>] n
 You start hitting the boulder.
 You hit the boulder with all your might.
 The boulder falls apart.
 What do you want to wield? [- aenxTZ or ?*] a
 a - 4 uncursed runed daggers (wielded).
 There is a partly eaten gelatinous cube corpse here; eat it? [ynq] (n) y
 You resume your meal.
 The hill giant swings her double-headed axe.
 The hill giant misses!
 You stop eating the gelatinous cube corpse.
 You hit the hill giant!
 The hill giant swings her double-headed axe.
 The hill giant misses!
 You hit the hill giant!
 The hill giant swings her double-headed axe.
 The hill giant misses!
 You hit the hill giant!
 The hill giant turns to flee.
 There is a partly eaten gelatinous cube corpse here; eat it? [ynq] (n) y
 You resume your meal.
 You stop eating the gelatinous cube corpse.
 There is a partly eaten gelatinous cube corpse here; eat it? [ynq] (n) y
 You consume the last bite of your meal.
 You finish eating the gelatinous cube corpse.
 You kill the hill giant!
 There are several objects here.
 There is a hill giant corpse here; eat it? [ynq] (n) y
 This hill giant corpse is tough.
 You stop eating the hill giant corpse.
 The hill giant misses!
 You hit the hill giant!
 The hill giant turns to flee.
 You hit the hill giant!
 You hit the hill giant!
 You kill the hill giant!
 There are several objects here.
 There is a partly eaten hill giant corpse here; eat it? [ynq] (n) y
 You resume your meal.
 You're having a hard time getting all of it down.
 Continue eating? [yn] (n) y
 You choke over your food.
 You die...
 Do you want your possessions identified? [ynq] (y) y
 Do you want to see your attributes? [ynq] (y) y
 Do you want an account of creatures vanquished? [ynaq] (y) n
 Do you want to see your conduct and achievements? [ynq] (y) y
 Do you want to see the dungeon overview? [ynq] (y) n

Inventory:
 Coins    ('$')
  $ - 10241 gold pieces
 Amulets  ('"')
  t - an uncursed amulet of reflection (being worn)
 Weapons  (')')
  Z - a +2 dart
  n - 3 poisoned +2 darts
  x - 19 poisoned +0 darts
  T - 6 +0 daggers (at the ready)
  a - 4 +0 elven daggers (wielded)
 Armor    ('[')
  U - an uncursed very rusty +0 dwarvish iron helm (being worn)
  p - a cursed +0 pair of gauntlets of dexterity (being worn)
  b - an uncursed +0 pair of leather gloves
  u - an uncursed rotted +0 pair of speed boots (being worn)
  f - an uncursed +0 elven shield (being worn)
  Y - a cursed +0 cloak of invisibility (being worn)
  k - an uncursed +2 Hawaiian shirt with a flamingo motif named original (being worn)
  S - a blessed +3 dwarvish mithril-coat (being worn)
 Comestibles  ('%')
  v - an uncursed semen treat
  d - 5 uncursed food rations
 Scrolls  ('?')
  W - a cursed scroll of destroy armor
 Rings    ('=')
  B - a cursed ring of free action
 Wands    ('/')
  X - a wand of digging (0:4)
  J - a wand of light (0:11)
  M - a wand of magic missile (0:5)
  w - a wand of magic missile (0:4)
  j - a cursed wand of magic missile (0:3)
  A - a wand of sleep (0:5)
  F - a wand of sleep named sleep or death (0:5)
  Q - a wand of sleep named DANGEROUS (0:5)
  R - a wand of slow monster (0:6)
  G - a wand of slow monster (0:0)
  s - a wand of striking (0:1)
 Tools    ('(')
  h - an uncursed sack containing 24 items
  O - a can of grease (0:8)
  N - an uncursed credit card named original
  l - an expensive camera (0:60)
  y - an uncursed magic lamp
  H - an uncursed magic lamp
  L - an uncursed magic whistle
  i - an uncursed oil lamp
  C - an uncursed pair of lenses
  K - an uncursed pair of lenses
  e - a rusty +0 pick-axe
  c - an uncursed skeleton key
  z - an uncursed stethoscope
  I - an uncursed tin opener
  E - an uncursed tin whistle
  g - a tinning kit (0:30)
  o - an uncursed towel
 Gems/Stones  ('*')
  m - 4 uncursed opals
  P - 3 uncursed worthless pieces of orange glass
  V - 3 uncursed worthless pieces of violet glass
  D - a cursed touchstone

Contents of the sack:
  an uncursed +0 mummy wrapping
  a cursed scroll of charging
  an uncursed scroll of earth
  a cursed scroll of earth
  3 blessed scrolls of magic mapping
  an uncursed scroll of magic mapping
  an uncursed spellbook of chain lightning
  an uncursed spellbook of dig
  an uncursed spellbook of healing
  a blessed potion of extra healing
  an uncursed potion of object detection
  an uncursed potion of water
  a cursed ring of conflict
  an uncursed ring of fire resistance
  a blessed +2 ring of gain constitution
  a cursed +1 ring of increase accuracy
  a cursed -2 ring of increase accuracy
  an uncursed ring of polymorph control
  an uncursed -2 ring of protection
  an uncursed ring of see invisible named tried
  a wand of polymorph named :) :) :) :) (0:5)
  a wand of polymorph (0:3)
  an uncursed worthless piece of green glass
  an uncursed worthless piece of white glass

BatBeefs the Tourist's attributes:

Background:
 You were a Peregrinatrix, a level 10 female human Tourist.
 You were neutral, on a mission for The Lady
 who was opposed by Blind Io (lawful) and Offler (chaotic).
 You were left-handed.
 You were in the Dungeons of Doom, on level 10.
 You entered the dungeon 10061 turns ago.
 You had 6413 experience points, 3587 more were needed to attain level 11.

Basics:
 You had 0 out of 87 hit points.
 You had all 56 energy points (spell power).
 Your armor class was -8.
 Your wallet contained 10241 zorkmids.
 Autopickup was off.

Final Characteristics:
 Your strength was 18 (limit:18/100).
 Your dexterity was 14 (limit:18).
 Your constitution was 17 (limit:18).
 Your intelligence was 12 (limit:18).
 Your wisdom was 8 (limit:18).
 Your charisma was 14 (limit:18).

Final Status:
 You were satiated.
 You were burdened; movement was slightly slowed.
 You were wielding daggers.
 You had expert skill with dagger.

Final Attributes:
 You were piously aligned.
 You were cold resistant.
 You were poison resistant.
 You had automatic searching.
 You were invisible.
 You had a small defense bonus (+3).
 You were guarded.
 You were very fast.
 You had reflection.
 You are dead.

Miscellaneous:
 You encountered 1 bones level.
 Total elapsed playing time was 6 hours, 14 minutes and 31 seconds.

Major events:
 Turn
    1: BatBeefs the neutral female human Tourist entered the dungeon
  674: attained the rank of Sightseer (level 3)
 2217: entered the Gnomish Mines
 2735: attained the rank of Excursionist (level 6)
 3371: reached Mine Town
 5642: entered Sokoban
 6451: completed 1st Sokoban level
 6798: completed 2nd Sokoban level
 7278: completed 3rd Sokoban level
 8101: completed 4th Sokoban level
 8855: acquired the Sokoban amulet of reflection
 8949: attained the rank of Peregrinatrix (level 10)
10061: choked on a hill giant corpse

You didn't know any spells.

Skills:
 Fighting Skills
   bare handed combat [Unskilled]
   two weapon combat  [Unskilled]
   riding             [Unskilled]
 Weapon Skills
   dagger             [Expert]
   knife              [Unskilled]
   axe                [Unskilled]
   pick-axe           [Unskilled]
   short sword        [Unskilled]
   broadsword         [Unskilled]
   long sword         [Unskilled]
   two-handed sword   [Unskilled]
   saber              [Unskilled]
   mace               [Unskilled]
   morning star       [Unskilled]
   flail              [Unskilled]
   hammer             [Unskilled]
   quarterstaff       [Unskilled]
   polearms           [Unskilled]
   spear              [Unskilled]
   trident            [Unskilled]
   lance              [Unskilled]
   bow                [Unskilled]
   sling              [Unskilled]
   crossbow           [Unskilled]
   dart               [Basic]
   shuriken           [Unskilled]
   boomerang          [Unskilled]
   whip               [Unskilled]
   unicorn horn       [Unskilled]
 Spellcasting Skills
   divination spells  [Unskilled]
   enchantment spells [Unskilled]
   escape spells      [Unskilled]

Voluntary challenges:
 Character rerolling was not enabled.
 You never genocided any monsters.
 You never polymorphed an object.
 You used no wishes.
 You violated the special Sokoban rules once.
Achievements:
 You entered a shop.
 You attained the rank of Sightseer.
 You entered the Gnomish Mines.
 You attained the rank of Excursionist.
 You entered Minetown.
 You entered a temple.
 You entered Sokoban.
 You completed Sokoban.
 You attained the rank of Peregrinatrix.

 The Dungeons of Doom: levels 1 to 10
    Level 1:
    Level 2:
       A tool shop, some fountains.
    Level 3:
       A fountain.
    Level 4: "vault"
       Stairs down to The Gnomish Mines.
    Level 5:
    Level 6:
       A fountain.
    Level 7:
       An armor shop.
    Level 8: "vault"
       A fountain, a sink.
    Level 9:
    Level 10: "vault, sokoban" <- You were here.
       Some fountains.
       Stairs up to Sokoban, level 9.
       Final resting place for
          you, choked on a hill giant corpse.
 The Gnomish Mines: levels 5 to 7
    Level 5:
       A grave.
       Final resting place for
          Nestorix-Arc-Hum-Fem-Law, killed by a dart,
          levoittiel-Rog-Orc-Fem-Cha, killed by a magic missile zapped by a dwarf.
    Level 6:
    Level 7:
       Some shops, a temple and an altar, a fountain.
 Sokoban: levels 9 up to 6
    Level 6:
       Solved.
    Level 7:
       Solved.
    Level 8:
       Solved.
    Level 9:
       Solved.


Vanquished creatures:
  2 ghosts
  2 giant mimics
  2 long worms
  a zruty
  a flesh golem
  a couatl
  a water elemental
  3 hill giants
  a giant mummy
  a black naga
  a sergeant
  a warg
  a winter wolf
  3 small mimics
  a quantum mechanic
  a troll
  a wood golem
  a gelatinous cube
  a large dog
  a freezing sphere
  2 large cats
  a dwarf ruler
  a leocrotta
  a python
  a pit viper
  4 leather golems
  a chameleon
  a crocodile
  a cockatrice
  3 wolves
  4 winter wolf cubs
  a gremlin
  a spotted jelly
 an orc-captain
 an iron piercer
  a mumak
  a scorpion
  2 ice vortices
  a black light
  a vampire bat
  a gnome ruler
  4 Green-elves
  2 housecats
  2 dwarf leaders
  a blue jelly
  a dust vortex
  2 ravens
  a gnome mummy
  a snake
  a human zombie
  a rope golem
  a soldier ant
  3 fire ants
 an imp
  a wood nymph
  a water nymph
  a mountain nymph
  a Mordor orc
  3 orc shamans
  a rock piercer
  a yellow light
  3 shriekers
  4 gnome leaders
  3 gnomish wizards
  a barrow wight
 an elf zombie
  3 straw golems
  a baby crocodile
 10 giant ants
  a floating eye
  5 dwarves
  a kobold shaman
  4 hill orcs
  3 rothes
  a centipede
  5 giant bats
  a monkey
  2 orc zombies
  a wererat
  a werejackal
  4 iguanas
  3 killer bees
  a gas spore
  4 hobbits
 13 manes
  a large kobold
  a hobgoblin
  2 giant rats
  3 cave spiders
  a brown mold
  2 yellow molds
  2 green molds
 26 gnomes
  2 gnome zombies
  5 geckos
  4 jackals
  a fox
  3 goblins
 12 grid bugs
  2 bats
  a lichen
  a kobold zombie
 11 newts
244 creatures vanquished.

No species were genocided or became extinct.

Game over:
                       ----------
                      /          \
                     /    REST    \
                    /      IN      \
                   /     PEACE      \
                  /                  \
                  |     BatBeefs     |
                  |     10241 Au     |
                  | choked on a hill |
                  |   giant corpse   |
                  |                  |
                  |                  |
                  |       2026       |
                 *|     *  *  *      | *
        _________)/\\_//(\/(/\)/\//\/|_)_______

Aloha BatBeefs the Tourist...

You choked in The Dungeons of Doom on dungeon level 10 with 35009 points,
and 10241 pieces of gold, after 10061 moves.
You were level 10 with a maximum of 87 hit points when you choked.

